AoeStats
← BombaKladSon

Arena

509311333Analyzed
4v4 RM · 5d ago on Sep 26, 2026· 50m 17s· 8 players
Game mode
Random Map
Map size
Large (8 player)
Population
200
Speed
Normal
Resources
Standard
Victory
Conquest
Starting age
Dark Age
Ending age
Imperial Age
RankedLock teamsTeams togetherTeam positionsShared explorationLock speedFull tech treeHidden civsTurbo modeCheats
Victory
Defeat
🇹🇼 Franks · Taiwan
1034
+11
1018
+12
🇮🇳 Byzantines · India
934
+15
🇮🇳 Khmer · India
913
+16
🇳🇱 Saracens · Netherlands
984
-15
🇵🇱 Poles · Poland
937
-14
🇭🇷 Khmer · Croatia
909
-13
🇫🇷 Burgundians · France
874
-12
giancarlo7
10:00 Feudal Age
11:16 Wheelbarrow
10:56 Double-Bit Axe
11:04 Horse Collar
18:06 Castle Age
16:09 Stone Mining
16:31 Gold Mining
17:25 Forging
17:48 Scale Barding Armor
18:04 Scale Mail Armor
21:47 Iron Casting
22:00 Husbandry
22:59 Bow Saw
24:45 Hand Cart
31:15 Imperial Age
30:04 Szlachta Privileges
31:00 Chain Barding Armor
32:19 Conscription
31:46 Cavalier
40:02 Chain Mail Armor
40:49 Blast Furnace
41:21 Plate Mail Armor
42:57 Elite Obuch
44:03 Light Cavalry
44:53 Bloodlines
45:54 Winged Hussar
BombaKladSon
12:10 Feudal Age
13:35 Double-Bit Axe
13:45 Gold Mining
13:51 Horse Collar
14:05 Stone Mining
17:01 Castle Age
23:21 Crossbowman
24:48 Fletching
26:56 Wheelbarrow
27:13 Bow Saw
29:10 Thumb Ring
29:59 Hand Cart
31:48 Padded Archer Armor
32:32 Loom
32:33 Town Watch
lavive3113
11:47 Feudal Age
10:05 Double-Bit Axe
10:04 Horse Collar
12:28 Heavy Plow
12:49 Bow Saw
17:49 Stone Mining
20:38 Castle Age
21:35 Stone Shaft Mining
20:55 Gold Mining
24:44 Crop Rotation
25:19 Two-Man Saw
24:57 Wheelbarrow
24:08 Town Watch
24:09 Loom
26:47 Hand Cart
26:34 Town Patrol
26:55 Fletching
27:06 Padded Archer Armor
29:19 Bodkin Arrow
29:40 Leather Archer Armor
30:08 Gold Shaft Mining
34:04 Imperial Age
33:31 Burgundian Vineyards
34:03 Murder Holes
34:01 Guard Tower
34:31 Ballistics
36:11 Conscription
35:12 Elite Coustillier
36:57 Chemistry
36:33 Keep
35:41 Treadmill Crane
37:36 Hoardings
40:44 Bracer
41:26 Fortified Wall
41:02 Arrowslits
41:28 Masonry
42:08 Elite Skirmisher
42:08 Crossbowman
45:10 Scale Barding Armor
45:16 Forging
45:09 Husbandry
44:30 Light Cavalry
47:57 Iron Casting
47:43 Chain Barding Armor
47:24 Scale Mail Armor
sheya1
9:50 Feudal Age
15:51 Castle Age
14:03 Double-Bit Axe
14:21 Horse Collar
15:22 Gold Mining
20:57 Loom
21:27 Heavy Plow
21:54 Bow Saw
22:44 Stone Mining
24:13 Wheelbarrow
24:19 Gold Shaft Mining
25:14 Stone Shaft Mining
27:22 Hand Cart
26:57 Town Watch
27:25 Scale Barding Armor
27:31 Forging
28:21 Bloodlines
28:12 Husbandry
33:56 Imperial Age
33:20 Tusk Swords
34:35 Town Patrol
34:58 Chain Barding Armor
35:13 Caravan
35:26 Elite Battle Elephant
39:41 Chemistry
Newplayer
11:04 Feudal Age
15:07 Castle Age
12:58 Double-Bit Axe
13:35 Horse Collar
18:41 Heavy Plow
26:10 Wheelbarrow
27:05 Hand Cart
30:45 Imperial Age
27:46 Pikeman
29:06 Squires
29:51 Scale Mail Armor
30:08 Bow Saw
30:34 Gold Mining
30:56 Gambesons
31:45 Husbandry
31:14 Halberdier
31:40 Arson
32:42 Crop Rotation
33:36 Chain Mail Armor
33:32 Forging
33:52 Conscription
34:12 Thumb Ring
33:28 Elite Skirmisher
33:45 Light Cavalry
35:17 Gold Shaft Mining
34:32 Stone Mining
38:34 Plate Mail Armor
38:40 Iron Casting
38:31 Logistica
39:09 Stone Shaft Mining
38:57 Scale Barding Armor
39:06 Elite Cataphract
41:44 Ballistics
42:24 Chemistry
41:05 Treadmill Crane
41:21 Murder Holes
43:04 Padded Archer Armor
42:54 Fletching
43:25 Chain Barding Armor
47:12 Leather Archer Armor
46:53 Bodkin Arrow
49:26 Two-Man Saw
給你舒服
9:52 Feudal Age
10:35 Double-Bit Axe
13:09 Loom
17:27 Castle Age
16:00 Gold Mining
18:30 Bow Saw
23:21 Scale Mail Armor
27:08 Chain Mail Armor
32:05 Imperial Age
30:29 Fletching
30:53 Forging
30:55 Squires
30:47 Ordonnance Companies
32:52 Iron Casting
33:12 Conscription
34:56 Plate Mail Armor
37:48 Elite Throwing Axeman
40:36 Blast Furnace
41:18 Pikeman
43:44 Halberdier
46:18 Bodkin Arrow
46:55 Ballistics
46:51 Arson
48:14 Wheelbarrow
48:39 Hoardings
49:19 Chemistry
Mahmoud Groschibre 1er
11:54 Feudal Age
11:14 Loom
11:34 Loom
13:50 Wheelbarrow
16:13 Castle Age
14:27 Horse Collar
14:57 Double-Bit Axe
16:19 Gold Mining
17:54 Heavy Plow
18:40 Hand Cart
24:19 Bow Saw
28:37 Imperial Age
26:34 Man-at-Arms
27:00 Gambesons
27:03 Pikeman
27:45 Squires
28:14 Long Swordsman
28:57 Stone Mining
30:06 Conscription
29:28 Two-Handed Swordsman
29:40 Halberdier
30:43 Forging
30:34 Scale Mail Armor
31:27 Wootz Steel
31:48 Guilds
31:38 Champion
31:50 Elite Skirmisher
33:39 Ballistics
34:31 Chemistry
34:27 Arson
36:51 Chain Mail Armor
37:12 Iron Casting
36:28 Fletching
42:16 Blast Furnace
41:47 Plate Mail Armor
46:39 Padded Archer Armor
46:35 Bodkin Arrow
burned doc
11:06 Feudal Age
15:48 Castle Age
14:14 Double-Bit Axe
14:33 Horse Collar
19:12 Stone Mining
24:31 Bow Saw
24:35 Heavy Plow
27:27 Wheelbarrow
29:31 Hand Cart
33:22 Imperial Age
31:16 Ballistics
32:04 Light Cavalry
32:54 Bloodlines
32:44 Husbandry
33:39 Gold Mining
35:01 Gold Shaft Mining
34:59 Conscription
36:31 Heavy Scorpion
39:20 Chemistry
41:00 Double Crossbow
43:41 Padded Archer Armor
43:32 Fletching
Connection lost

Rejoining the realm…

Still unreachable

The connection could not be restored.

Session expired

The server has moved on; the page needs a fresh start.